 Dungeon Crawl Stone Soup version 0.21.1-1-g345015f (webtiles) character file.

70 Fang the Shield-Bearer (level 4, 0/29 HPs)
             Began as a Gargoyle Fighter on May 8, 2018.
             Slain by bande's ghost (6 damage)
             ... on level 3 of the Dungeon.
             The game lasted 00:03:18 (1394 turns).

Fang the Shield-Bearer (Gargoyle Fighter)           Turns: 1394, Time: 00:03:18

Health: 0/29       AC: 10    Str: 20    XL:     4   Next: 21%
Magic:  4/4        EV:  7    Int:  9    God:
Gold:   110        SH:  9    Dex:  9    Spells: 3/3 levels left

rFire    . . .     SeeInvis .   a - +0 war axe
rCold    . . .     Gourm    .   c - +0 shield
rNeg     + . .     Faith    .   b - +0 scale mail
rPois    ∞         Spirit   .   (no helmet)
rElec    +         Reflect  .   (no cloak)
rCorr    .         Harm     .   (no gloves)
MR       .....                  (no boots)
Stlth    ..........             (no amulet)
HPRegen  0.09/turn              (no ring)
MPRegen  0.09/turn              (no ring)

@: flying, very slightly contaminated, hasted, invisible, very quick
A: negative energy resistance 1, electricity resistance, unbreathing,
petrification resistance, rot immunity, AC +3
a: no special abilities


You were on level 3 of the Dungeon.
You were hungry.

You visited 1 branch of the dungeon, and saw 3 of its levels.

You collected 110 gold pieces.

Inventory:

Hand Weapons
 a - a +0 war axe (weapon)
Armour
 b - a +0 scale mail (worn)
 c - a +0 shield (worn)
Jewellery
 k - an uncursed ring of stealth {unknown}
Scrolls
 e - a scroll of identify {unknown}
 g - a scroll of fog {unknown}
 h - a scroll of random uselessness {unknown}
 l - 2 scrolls of enchant weapon {unknown}
 m - 4 scrolls of enchant armour {unknown}
 n - 3 scrolls of magic mapping {unknown}
 q - a scroll of amnesia {unknown}
 s - a scroll of teleportation {unknown}
 t - 2 scrolls of remove curse {unknown}
Potions
 d - a potion of might
 i - a potion of flight
 j - a potion of invisibility
 p - a potion of cancellation {unknown}
 r - a potion of heal wounds {unknown}
 u - a potion of curing {unknown}
Comestibles
 f - 4 rations


   Skills:
 + Level 3.8 Fighting
 + Level 2.7 Axes
 + Level 3.6 Armour
 + Level 0.2 Dodging
 + Level 4.0 Shields


You had 3 spell levels left.
You didn't know any spells.

Dungeon Overview and Level Annotations

Branches:
Dungeon (3/15)

Altars:
Ashenzari

Annotations:
D:3 bande's ghost, amateur GrFi


Innate Abilities, Weirdness & Mutations

You are resistant to torment.
Your stone body is resilient. (AC +3)
You are immune to poison.
You resist negative energy. (rN+)
You are resistant to electric shocks. (rElec)
You can survive without breathing.
You are immune to petrification.
You are immune to rotting.


Message History

You are too injured to fight recklessly!
You are too injured to fight recklessly!
It was a potion of flight.
You feel very buoyant.
You fly up into the air.
Bande's ghost says, "You can hit me, but you can't hurt me."
Bande's ghost hits you!
* * * LOW HITPOINT WARNING * * *
It was a potion of invisibility.
You fade into invisibility!
You block bande's ghost's attack.
You are very lightly contaminated with residual magic.
It was a potion of haste.
You feel yourself speed up.
Bande's ghost hits you but does no damage.
You are too injured to fight recklessly!
You are too injured to fight recklessly!
You barely miss bande's ghost.
Bande's ghost is moderately damaged.
Bande's ghost hits you.
You die...

......................#..
..........##..#......#.....
..........##.##............
........)..................
...........####...........
..#.....................# #
####.†................#.#
###........................
....###........W@....#.##
#.#.#................#
#..).<##.........#........
...))†.#..######.######...
...###....# .... ... ..#
##.### ##.### .. .. #....
... . . ....## #.# ......


You could see bande's ghost.

Vanquished Creatures
  2 adders (D:2)
  3 dart slugs
  A leopard gecko (D:1)
  3 orcs (D:3)
  2 giant cockroaches (D:1)
  2 goblins (D:2)
  7 hobgoblins
  2 jackals (D:2)
  A quokka (D:2)
  A ball python (D:1)
  4 bats
  2 frilled lizards
  6 kobolds (D:1)
  5 rats
41 creatures vanquished.

Notes
Turn   | Place    | Note
-------+----------+-------------------------------------------
     0 | D:1      | Fang the Gargoyle Fighter began the quest for the Orb.
     0 | D:1      | Reached XP level 1. HP: 14/14 MP: 1/1
   194 | D:1      | Reached XP level 2. HP: 19/19 MP: 2/2
   520 | D:1      | Reached XP level 3. HP: 23/23 MP: 3/3
   940 | D:2      | Found a shattered altar of Ashenzari.
  1072 | D:2      | Reached XP level 4. HP: 24/29 MP: 4/4
  1301 | D:3      | Reached skill level 4 in Shields
  1308 | D:3      | Noticed bande's ghost (amateur GrFi)
  1394 | D:3      | Slain by bande's ghost

Skill      XL: |  1  2  3  4 |
---------------+-------------+-----
Axes           | 2 |  2.7
Shields        | 4 |  4.0
Fighting       | |  3.8
Armour         | |  3.6
Dodging        | |  0.2

Action                   |  1- 3 |  4- 6 || total
-------------------------+-------+-------++-------
Melee: War axe           |    96 |    19 ||   115
  Use: Potion            |       |     3 ||     3
  Eat: Chunk             |       |     1 ||     1
Armor: Scale mail        |    70 |    13 ||    83
Dodge: Dodged            |    32 |    13 ||    45
Block: Shield            |    48 |    18 ||    66
